 Dungeon Crawl Stone Soup version 0.20-a0-16-g0876c8e (webtiles) character file.

74 KristoblXynda the Chopper (level 4, 0/37 HPs)
             Began as a Minotaur Skald on Nov 3, 2016.
             Slain by Grinder (8 damage)
             ... on level 3 of the Dungeon.
             The game lasted 00:05:23 (2449 turns).

KristoblXynda the Chopper (Minotaur Skald)          Turns: 2449, Time: 00:05:25

Health: 0/37       AC:  7    Str: 17    XL:     4   Next: 9%
Magic:  5/5        EV: 13    Int: 10    God:
Gold:   220        SH:  0    Dex:  9    Spells: 2 memorised, 1 level left

rFire  . . .     SeeInvis .     a - +0 hand axe
rCold  . . .     Gourm    .     e - +0 scale mail
rNeg   . . .     Faith    .     (no shield)
rPois  .         Spirit   .     (helmet restricted)
rElec  .         Reflect  .     (no cloak)
rCorr  .         Harm     .     (no gloves)
MR     .....                    j - +0 pair of boots
Stlth  ..........               (no amulet)
                                (no ring)
                                f - +4 ring of evasion

@: hasted, very quick
A: retaliatory headbutt, horns 2
a: no special abilities


You were on level 3 of the Dungeon.
You were not hungry.

You visited 1 branch of the dungeon, and saw 3 of its levels.

You collected 220 gold pieces.

Inventory:

Hand Weapons
 a - a +0 hand axe (weapon)
Armour
 e - a +0 scale mail (worn)
 j - a +0 pair of boots (worn)
Jewellery
 f - a +4 ring of evasion (left hand)
 n - an uncursed amulet of harm {unknown}
 s - an uncursed amulet of rage {unknown}
Scrolls
 k - 3 scrolls of identify {unknown}
 l - a scroll of recharging {unknown}
 m - a scroll of amnesia {unknown}
 o - a scroll of remove curse
 p - 2 scrolls of enchant weapon {unknown}
 q - a scroll of blinking {unknown}
Books
 c - a book of Battle

   Spells                             Type                      Level
   a - Infusion                       Charms                       1
   b - Shroud of Golubria             Charms/Translocation         2
   c - Song of Slaying                Charms                       2
   d - Spectral Weapon                Hexes/Charms                 3
   e - Regeneration                   Charms/Necromancy            3
Comestibles
 d - a bread ration
 h - 16 fruits
 i - 2 meat rations
 r - 3 chunks of flesh


   Skills:
 - Level 2.4 Fighting
 + Level 3.4 Axes
 + Level 2.8 Armour
 - Level 1.1 Dodging
 - Level 1.3 Spellcasting
 - Level 2.3 Charms
 + Level 0.9 Necromancy


You had one spell level left.
You knew the following spells:

 Your Spells              Type           Power        Failure   Level  Hunger
a - Infusion              Chrm           #...         45%         1    ##.....
b - Regeneration          Chrm/Necr      #.........   98%         3    ####...


Dungeon Overview and Level Annotations

Branches:
Dungeon (3/15)

Altars:
Xom

Annotations:
D:3 Grinder


Innate Abilities, Weirdness & Mutations

You reflexively headbutt those who attack you in melee.
You have a pair of horns on your head.


Message History

Grinder gestures at you. Pain shoots through your body!
You closely miss Grinder.
Grinder is heavily wounded.
Grinder closely misses you.
You closely miss Grinder. Your headbutt misses Grinder.
Grinder is heavily wounded.
Grinder hits you.
You writhe in agony.
* * * LOW HITPOINT WARNING * * *
You barely miss Grinder.
Grinder is heavily wounded.
Grinder says, "Just stop there for a second..."
Grinder gestures at you.
You suddenly lose the ability to move!
Grinder gestures at you. You resist with significant effort.
You can move again.
Unknown command.
It was a potion of haste.
You feel yourself speed up. Grinder hits you!
You die...

#.#.#...#.#.# #..........
#.#.#.....#.# #..........
#.#.#.....#.# #..........
#.#.#.###.#.# #.......+#.
#.#.# #.# #.......+#.
#.#.#######.# #)......##.
#.#.........# #.......##.
#.##############.......##.
#........@5...######'### .
#############.# #.# #.#
#.# #<# #.# #.# #.#
#.######.####.
#.............
########.##### #.#


You could see Grinder.

Vanquished Creatures
  A gnoll (D:2)
  2 adders (D:2)
  4 worms
  A leopard gecko (D:2)
  An orc (D:3)
  4 bats
  2 giant cockroaches (D:1)
  A hobgoblin (D:2)
  A quokka (D:3)
  A ball python (D:1)
  2 frilled lizards
  8 goblins
  8 kobolds
  2 rats
38 creatures vanquished.

Notes
Turn   | Place    | Note
-------+----------+-------------------------------------------
     0 | D:1      | KristoblXynda the Minotaur Skald began the quest for the Orb.
     0 | D:1      | Reached XP level 1. HP: 18/18 MP: 1/1
   414 | D:1      | Reached XP level 2. HP: 25/25 MP: 3/3
   807 | D:2      | Found a shimmering altar of Xom.
   807 | D:2      | Found a shimmering altar of Xom.
   808 | D:2      | Found a shimmering altar of Xom.
   808 | D:2      | Found a shimmering altar of Xom.
   809 | D:2      | Found a shimmering altar of Xom.
   855 | D:2      | Reached skill level 3 in Axes
  1005 | D:2      | Reached XP level 3. HP: 23/30 MP: 4/4
  1016 | D:2      | Learned a level 3 spell: Regeneration
  2208 | D:3      | Reached XP level 4. HP: 37/37 MP: 5/5
  2408 | D:3      | Noticed Grinder
  2415 | D:3      | Paralysed by Grinder for 4 turns
  2436 | D:3      | Paralysed by Grinder for 5 turns
  2447 | D:3      | Paralysed by Grinder for 2 turns
  2449 | D:3      | Slain by Grinder

Vault maps used:
D:1:      lemuel_arrival_funnel
D:2:      xom_redecorated, dk_vineyard_2
D:3:      uniq_grinder

Skill      XL: |  1  2 |
---------------+-------+-----
Armour         | 2 |  2.8
Axes           | 3 |  3.4
Fighting       | |  2.4
Dodging        | |  1.1
Spellcasting   | |  1.3
Charms         | |  2.3
Necromancy     | |  0.9

Action                   |  1- 3 |  4- 6 || total
-------------------------+-------+-------++-------
Melee: Hand axe          |   102 |    29 ||   131
       Headbutt          |    12 |     4 ||    16
  Use: Potion            |     2 |     2 ||     4
       Scroll            |     1 |     1 ||     2
  Eat: Chunk             |     2 |     1 ||     3
       Beef jerky        |     1 |       ||     1
Armor: Leather armour    |    25 |       ||    25
       Scale mail        |       |     9 ||     9
Dodge: Dodged            |    67 |    13 ||    80
